 Dungeon Crawl Stone Soup version 0.26-a0-1132-ge9770dfcb6 (webtiles) character file.

Game seed: 14425907658641462592

5 LufLufFighter the Insei (level 1, -2/15 HPs)
             Began as a Merfolk Transmuter on Dec 21, 2020.
             Slain by a hobgoblin
             ... wielding a +0 club
              (7 damage)
             ... on level 1 of the Dungeon.
             The game lasted 00:00:27 (117 turns).

LufLufFighter the Insei (Merfolk Transmuter)         Turns: 117, Time: 00:00:28

Health: -2/15      AC:  2    Str: 10    XL:     1   Next: 80%
Magic:  3/3        EV: 13    Int: 12    God:
Gold:   0          SH:  0    Dex: 14    Spells: 3/4 levels left

rFire    . . .     SeeInvis .     - Unarmed
rCold    . . .     Faith    .   (no shield)
rNeg     . . .     Spirit   .   a - +0 robe
rPois    .         Reflect  .   (no helmet)
rElec    .         Harm     .   (no cloak)
rCorr    .         Rampage  .   (no gloves)
Will     .....                  (no boots)
Stlth    +.........             (no amulet)
HPRegen  0.05/turn              (no ring)
MPRegen  0.08/turn              (no ring)

@: no status effects
A: change form in water, swift swim, stealthy swim
a: no special abilities


You were on level 1 of the Dungeon.
You visited 1 branch of the dungeon, and saw 1 of its levels.

Inventory:

Armour
 a - a +0 robe (worn)
Scrolls
 b - a scroll of amnesia {unknown}


   Skills:
 * Level 1.4 Fighting
 - Level 2.6 Dodging
 - Level 3.2 Unarmed Combat
 * Level 2.1 Spellcasting
 * Level 2.9 Transmutations


You had 3 spell levels left.
You knew the following spells:

 Your Spells              Type           Power        Failure   Level
a - Beastly Appendage     Tmut           16%          8%          1

Your spell library contained the following spells:

 Spells                   Type           Power        Failure   Level
 Wereblood                Tmut           8%           12%         2
 Spider Form              Tmut/Pois      2%           41%         3
 Ice Form                 Ice/Tmut       4%           82%         4
 Blade Hands              Tmut           4%           91%         5


Dungeon Overview and Level Annotations

Branches:
Dungeon (1/15)

Altars:


Message History

You closely miss the hobgoblin. The hobgoblin closely misses you.
Casting: Beastly Appendage (safe; 8% risk of failure)
Confirm with . or Enter, or press ? or * to list all spells.
You grow a pair of large bovine horns.
The hobgoblin closely misses you.
You barely miss the kobold. Your headbutt misses the kobold.
The kobold completely misses you. The hobgoblin closely misses you.
The hobgoblin barely misses you.
You hit the kobold but do no damage. The kobold barely misses you.
The hobgoblin hits you but does no damage.
You hit the kobold but do no damage. The hobgoblin hits you with a +0 club.
The kobold hits you.
You hit the kobold but do no damage.
The hobgoblin hits you with a +0 club. x2
The kobold hits you but does no damage.
You are too injured to fight recklessly!
You are too injured to fight recklessly!
Your transformation is almost over.
The hobgoblin barely misses you.
Your horns disappear.
The hobgoblin hits you with a +0 club!
You die...

############# #...........#
######...........#
........†........####
.................+...
.................##.#
..............K..##.#
.#####........gg.##.#######.#
.# ##########g@....†......#
.# #######.###.###.#########
.. .......†###.# #..........
... #######..##.# #.######...
.... #.......#.# #..........
....# #......)#.# #.##..##...
....+ #.......#.# #.........)
#.........# ##########<
#.........# ##


You could see 2 hobgoblins, a goblin and a kobold.

Vanquished Creatures
  A leopard gecko (D:1)
  A bat (D:1)
  A hobgoblin (D:1)
  A rat (D:1)
4 creatures vanquished.

Notes
Turn   | Place    | Note
-------+----------+-------------------------------------------
     0 | D:1      | LufLufFighter the Merfolk Transmuter began the quest for
                  | the Orb.
     0 | D:1      | Reached XP level 1. HP: 15/15 MP: 3/3
   117 | D:1      | Slain by a hobgoblin

Illustrated notes

Levels and vault maps discovered:
D:1:      dpeg_arrival_line_fractal, layout_basic

Action                   || total
-------------------------++-------
Melee: Unarmed           ||    16
       Punch             ||     1
 Cast: Beastly Appendage ||     4
Armor: Robe              ||     3
Dodge: Dodged            ||    17

Table legend: (Time is in decaauts)
 A = Elapsed time spent in this place.
 B = Non-inter-level travel time spent in this place.
 C = Inter-level travel time spent in this place.
 D = Time resting spent in this place.
 E = Time spent auto-exploring this place.
 F = Levels seen in this place.
 G = Mean time per level.
                   A        B        C        D        E       F      G
               +--------+--------+--------+--------+--------+-----+--------+
         Total |    116 |    116 |      0 |      0 |     64 |   1 |  116.0 |
       Dungeon |    116 |    116 |      0 |      0 |     64 |   1 |  116.0 |
               +--------+--------+--------+--------+--------+-----+--------+

Top non-repeatable levels by time:
     D:1: 116 daAuts
